 Dungeon Crawl Stone Soup version 0.28-a0-1147-gc7b72d3202 (webtiles) character file.

Game seed: 2217353746159527224

12509 ChaosChampion the Thaumaturge (level 11, -1/54 HPs)
             Began as a Deep Elf Conjurer on Dec 14, 2021.
             Was a Believer of Sif Muna.
             Engulfed by a cloud of freezing vapour (22 damage)
             ... on level 9 of the Dungeon.
             The game lasted 00:34:35 (14993 turns).

ChaosChampion the Thaumaturge (Deep Elf Conjurer)  Turns: 14993, Time: 00:34:36

Health: -1/54      AC:  7    Str:  4    XL:     11   Next: 63%
Magic:  19/31      EV: 19    Int: 28    God:    Sif Muna [**....]
Gold:   344        SH:  0    Dex: 13    Spells: 25/39 levels left

rFire   . . .      SeeInvis .   (no weapon)
rCold   . . .      Faith    +   (no shield)
rNeg    . . .      Spirit   .   b - +0 troll leather armour
rPois   +          Reflect  .   (no helmet)
rElec   .          Harm     .   f - +0 cloak of Honour {+Inv}
rCorr   .          Rampage  .   v - +1 pair of gloves
Will    ++...                   (no boots)
Stlth   ++........              g - amulet of faith
HPRegen 0.98/turn               k - +4 ring of evasion
MPRegen 0.22/turn               t - +4 ring of evasion

@: no status effects
A: talons 1, strong-willed 1, poison resistance
a: Renounce Religion, Evoke Invisibility, Channel Magic


You were on level 9 of the Dungeon.
You worshipped Sif Muna.
Sif Muna was pleased with you.
You visited 2 branches of the dungeon, and saw 10 of its levels.
You also visited: Sewer.

You collected 344 gold pieces.

Inventory:

Armour
 a - a +0 robe
 b - a +0 troll leather armour (worn)
 f - the +0 cloak of Honour (worn) {+Inv}
   (You found it on level 9 of the Dungeon)

   +Inv:      It lets you turn invisible.
 v - a +1 pair of gloves (worn)
Jewellery
 g - an amulet of faith (around neck)
 k - a +4 ring of evasion (left hand)
 o - a ring of positive energy
 t - a +4 ring of evasion (right hand)
 y - a ring of protection from cold
 z - a +4 ring of evasion
Wands
 u - a wand of iceblast (22)
Scrolls
 d - 3 scrolls of enchant weapon
 m - 2 scrolls of fear
 p - a scroll of magic mapping
 w - a scroll of blinking
Potions
 c - 2 potions of haste
 h - 2 potions of flight
 i - 3 potions of attraction
 s - a potion of invisibility {unknown}
 x - a potion of magic
 C - a potion of lignification {unknown}
Miscellaneous
 A - a piece from Xom's chessboard (15/15)
 B - a box of beasts (inert)


   Skills:
 - Level 2.4 Dodging
 - Level 2.4 Stealth
 + Level 14.5 Spellcasting
 + Level 12.7 Conjurations
 - Level 6.0 Summonings
 * Level 4.8 Necromancy
 - Level 6.0 Translocations
 * Level 4.4 Ice Magic
 + Level 3.5 Invocations


You had 25 spell levels left.
You knew the following spells:

 Your Spells              Type           Power      Damage    Failure   Level
a - Magic Dart            Conj           100%       1d8       1%          1
b - Searing Ray           Conj           100%       2d8       1%          2
c - Call Imp              Summ           52%        N/A       1%          2
d - Iskenderun's Mystic   Conj/Tloc      64%        2d13      1%          4
e - Freezing Cloud        Conj/Ice/Air   25%        6-21      12%         5

Your spell library contained the following spells:

 Spells                   Type           Power      Damage    Failure   Level
 Dazzling Flash           Conj/Hex       100%       N/A       1%          3
 Corpse Rot               Necr/Air       66%        N/A       2%          2
 Mephitic Cloud           Conj/Pois/Air  44%        N/A       2%          3
 Flame Wave               Conj/Fire      54%        2d9       3%          4
 Fulminant Prism          Conj/Hex       27%        3d14      3%          4
 Sticky Flame             Conj/Fire      54%        2d7       3%          4
 Sting                    Tmut/Pois      80%        1d7       4%          1
 Dispel Undead            Necr           47%        3d18      6%          4
 Passwall                 Tmut/Erth      16%        N/A       7%          2
 Ignite Poison            Fire/Tmut/Pois 20%        N/A       14%         3
 Swiftness                Air            20%        N/A       14%         3
 Olgreb's Toxic Radiance  Pois           20%        N/A       41%         4
 Death Channel            Necr           23%        N/A       67%         6
 Simulacrum               Ice/Necr       23%        N/A       71%         6
 Lee's Rapid Deconstruct  Erth           10%        3d9*      77%         5
 Polar Vortex             Ice            22%        N/A       100%        9


Dungeon Overview and Level Annotations

Branches:
Dungeon (9/15)             Temple (1/1) D:6            Lair (0/6) D:8
  Sewer (visited)
    Orc: D:9-12

Altars:
Ashenzari
Cheibriados
Dithmenos
Elyvilon
Fedhas
Gozag
Hepliaklqana
Kikubaaqudgha
Makhleb
Nemelex Xobeh
Okawaru
Qazlal
Ru
Sif Muna
Trog
Uskayaw
Vehumet
Xom
Yredelemnul
Zin
The Shining One

Shops:
D:6 [


Innate Abilities, Weirdness & Mutations

You have sharp toenails.
You are strong-willed. (Will+)
Your system is resistant to poisons. (rPois)


Message History

Press: ? - help, Shift-Dir - straight line, f/p - swamp worm
Aim: a swamp worm (79% to hit)
The searing ray hits the swamp worm.
The swamp worm is lightly wounded. (Press . to maintain the ray.)
The searing ray hits the swamp worm!
The swamp worm is moderately wounded.
Casting: Searing Ray (safe; 1% risk of failure)
Confirm with . or Enter, or press ? or * to list all spells.
You erupt in a blast of force!
The mystic blast hits the swamp worm!!
The swamp worm is almost dead.
The swamp worm is knocked back by the mystic blast.
You hear a shout!
Casting: Iskenderun's Mystic Blast (dangerous; 1% risk of failure)
Confirm with . or Enter, or press ? or * to list all spells.
Aiming: Searing Ray (safe; 1% risk of failure)
Press: ? - help, Shift-Dir - straight line, f/p - swamp worm
Aim: a swamp worm (almost dead, 79% to hit)
The searing ray hits the swamp worm!
You kill the swamp worm!
Sif Muna accepts your kill.
The swamp worm's shape twists and changes as it dies. (Press . to maintain the ray.)
A centaur warrior is nearby!
The centaur warrior shoots an arrow.
The arrow hits you!
The centaur warrior shoots an arrow.
The arrow hits you!
Okay, then.
Okay, then.
Casting: Searing Ray (safe; 1% risk of failure)
Confirm with . or Enter, or press ? or * to list all spells.
The spell is quite dangerous to miscast (12% risk of failure)!
Continue anyway?
Aiming: Freezing Cloud (quite dangerous; 12% risk of failure)
Press: ? - help, Dir - move target, f - centaur warrior
Aim: a centaur warrior, wielding a +0 shortbow, wearing a ring of see invisible and quivering arrows That beam is likely to hit you.
Continue anyway?
You are engulfed in freezing vapours.
The centaur warrior is engulfed in freezing vapours.
The centaur warrior shoots an arrow.
The arrow closely misses you.
You are engulfed in freezing vapours.
You die...

..######c........##.......#
..#...H..........#......[.#
##..........#...[#.......##
.#........###.####....##..# ###
.#).......###..##########.#####..
.#......####....c§§..###........^
.##.....###..###§###..#..###.###.
.#......##..##§§§#.##...##.....##
.#......#..##.§#@##.##.##..#.#..#
.#......#.##.§##..#..###..##.##..
.#......#.#...#...##..#..#.....#.
.#.#.†..c.#..##....#..#.##.....##
.#.#........)#..#..#.............
.#.#......#..#....##..#.##.....##
.#.#......#..##...#...#..#.....#.
## #......##..#..##..###..##.##..
####....#..##.##.#..## ##..#.#..#


You could see a centaur warrior.

Vanquished Creatures
  3 two-headed ogres (D:9)
  2 tengu warriors (D:9)
  A manticore (D:9)
  A freezing wraith (D:9)
  A komodo dragon (D:9)
  A troll (D:9)
  Grinder (D:4)
  Prince Ribbit (D:7)
  A vampire (D:9)
  13 yaks
  A wyvern (D:7)
  A wraith (D:9)
  3 steam dragons
  A swamp worm (shapeshifter) (D:9)
  6 water moccasins
  Duvessa (D:6)
  2 black bears
  2 ice beasts
  3 orc warriors
  Pargi (D:3)
  A necrophage (D:5)
  3 ogres
  5 centaurs
  A phantom (D:4)
  3 kobold brigands
  3 bullfrogs
  A gnoll sergeant (D:9)
  A scorpion (D:4)
  Dowan (D:6)
  10 killer bees
  A water moccasin skeleton (D:5)
  4 wights
  2 howler monkeys (D:8)
  2 centaur zombies
  3 iron imps (D:9)
  7 hounds
  3 bullfrog skeletons
  5 orc priests
  A gnoll shaman (D:6)
  A jelly (D:5)
  Natasha (thrice) (D:2)
  An iguana (D:4)
  7 orc wizards
  Terence (D:2)
  A centaur simulacrum (D:9)
  A hound zombie (D:5)
  3 howler monkey zombies
  8 gnolls
  8 adders
  A river rat (D:6)
  A white imp (D:8)
  An ufetubus (D:5)
  4 worms
  3 dart slugs
  22 orcs
  5 endoplasms
  3 giant cockroaches
  8 goblins
  3 hobgoblins
  14 ball pythons
  4 bats
  4 frilled lizards
  14 kobolds
  5 rats
229 creatures vanquished.

Vanquished Creatures (collateral kills)
  A centaur warrior (D:9)
1 creature vanquished.

Grand Total: 230 creatures vanquished

Notes
Turn   | Place    | Note
-------+----------+-------------------------------------------
     0 | D:1      | ChaosChampion the Deep Elf Conjurer began the quest for the
                  | Orb.
     0 | D:1      | Reached XP level 1. HP: 10/10 MP: 6/6
   252 | D:1      | Reached XP level 2. HP: 15/15 MP: 2/8
   785 | D:1      | Learned a level 2 spell: Searing Ray
  1323 | D:2      | Reached skill level 4 in Spellcasting
  1352 | D:2      | Found a broken altar of Ashenzari.
  1367 | D:2      | Reached skill level 5 in Conjurations
  1367 | D:2      | Reached XP level 3. HP: 19/19 MP: 2/10
  1512 | D:2      | Noticed Terence
  1531 | D:2      | Killed Terence
  1532 | D:2      | Reached XP level 4. HP: 24/24 MP: 4/12
  1644 | D:2      | Noticed Natasha
  1649 | D:2      | Killed Natasha
  1650 | D:2      | Reached skill level 5 in Spellcasting
  1867 | D:2      | Found a faded altar of an unknown god.
  2043 | D:2      | Noticed Natasha
  2046 | D:2      | Killed Natasha
  2216 | D:2      | Noticed Natasha
  2221 | D:2      | Killed Natasha
  2222 | D:2      | Reached XP level 5. HP: 28/28 MP: 8/15
  2648 | D:3      | Learned a level 2 spell: Call Imp
  2653 | D:3      | Learned a level 4 spell: Iskenderun's Mystic Blast
  2726 | D:3      | Found a basalt altar of Yredelemnul.
  2815 | D:3      | Found a white marble altar of Elyvilon.
  2914 | D:3      | Noticed Pargi
  2923 | D:3      | Killed Pargi
  2924 | D:3      | Reached skill level 6 in Spellcasting
  2924 | D:3      | Reached XP level 6. HP: 26/32 MP: 4/17
  3101 | D:3      | Noticed an ice beast
  3127 | D:3      | Killed an ice beast
  3128 | D:3      | Reached skill level 1 in Summonings
  3128 | D:3      | Reached skill level 1 in Translocations
  3385 | D:4      | Found a shadowy altar of Dithmenos.
  3645 | D:4      | Reached XP level 7. HP: 36/36 MP: 14/19
  3745 | D:4      | Found an opulent altar of Gozag.
  3745 | D:4      | Noticed Grinder
  3757 | D:4      | Paralysed by Grinder for 3 turns
  3762 | D:4      | Killed Grinder
  3763 | D:4      | Reached skill level 7 in Spellcasting
  4751 | D:4      | Reached XP level 8. HP: 34/41 MP: 14/21
  5093 | D:4      | Found a sacrificial altar of Ru.
  5176 | D:5      | Entered Level 5 of the Dungeon
  5962 | D:5      | Reached skill level 5 in Translocations
  5965 | D:5      | Reached skill level 5 in Summonings
  6279 | D:5      | Reached skill level 8 in Spellcasting
  6341 | D:5      | Got the Incunabulum of Poisoning and Earth
  6634 | D:5      | Found a glowing silver altar of Zin.
  6906 | D:6      | Found a glowing drain.
  6906 | D:6      | Noticed Dowan
  6908 | D:6      | Noticed Duvessa
  6932 | D:6      | Found a staircase to the Ecumenical Temple.
  7275 | D:6      | Killed Dowan
  7275 | D:6      | Killed Duvessa
  7276 | D:6      | Reached XP level 9. HP: 45/45 MP: 12/23
  7362 | Sewer    | Entered a sewer
  7368 | Sewer    | Reached skill level 9 in Spellcasting
  7605 | Sewer    | Gained mutation: You are strong-willed. (Will+) [potion of
                  | mutation]
  7605 | Sewer    | Gained mutation: You have hidden genetic potential. [potion
                  | of mutation]
  7915 | D:6      | Found Didugem's Armour Shop.
  8011 | D:6      | Found a large runed translucent door.
  8012 | D:6      | Found a large runed translucent door.
  8061 | D:6      | Found a hide-covered altar of Uskayaw.
  8070 | D:6      | Found a stormy altar of Qazlal.
  8742 | D:6      | Reached skill level 10 in Spellcasting
  9024 | Temple   | Entered the Ecumenical Temple
  9260 | Temple   | Became a worshipper of Sif Muna the Loreminder
  9812 | D:7      | Noticed Prince Ribbit
  9820 | D:7      | Killed Prince Ribbit
  9821 | D:7      | Reached skill level 11 in Spellcasting
  9972 | D:7      | Found a glowing golden altar of the Shining One.
 10077 | D:7      | Reached skill level 10 in Conjurations
 10559 | D:8      | Reached XP level 10. HP: 47/50 MP: 21/27
 10657 | D:8      | Reached * piety under Sif Muna
 10785 | D:8      | Found a staircase to the Lair.
 10827 | D:8      | Gained mutation: You passively map a small area around you.
                  | [hidden potential]
 11329 | D:9      | Noticed a two-headed ogre
 11331 | D:9      | Reached skill level 12 in Spellcasting
 11612 | D:9      | Killed a two-headed ogre
 11861 | D:8      | Reached skill level 13 in Spellcasting
 12451 | D:9      | Found an iron altar of Okawaru.
 12460 | D:9      | Learned a level 5 spell: Freezing Cloud
 12773 | D:9      | Noticed a tengu warrior
 12804 | D:9      | Killed a tengu warrior
 12805 | D:9      | Reached skill level 14 in Spellcasting
 12805 | D:9      | Reached skill level 1 in Invocations
 12805 | D:9      | Reached XP level 11. HP: 18/54 MP: 3/31
 13018 | D:9      | Noticed a tengu warrior
 13043 | D:9      | Reached skill level 1 in Necromancy
 13043 | D:9      | Reached skill level 1 in Ice Magic
 13048 | D:9      | Killed a tengu warrior
 13052 | D:9      | Gained mutation: You have sharp toenails. [hidden
                  | potential]
 13052 | D:9      | Lost mutation: You have hidden genetic potential. [hidden
                  | potential expressed]
 13053 | D:9      | Lost mutation: You have sharp toenails. [potion of
                  | mutation]
 13053 | D:9      | Lost mutation: You passively map a small area around you.
                  | [potion of mutation]
 13053 | D:9      | Gained mutation: You have sharp toenails. [potion of
                  | mutation]
 13053 | D:9      | Gained mutation: Your system is resistant to poisons.
                  | (rPois) [potion of mutation]
 13265 | D:9      | Noticed a centaur warrior
 13273 | D:9      | Noticed a two-headed ogre
 13279 | D:9      | Killed a two-headed ogre
 13781 | D:9      | Noticed a two-headed ogre
 13787 | D:9      | Killed a two-headed ogre
 13807 | D:9      | Found a shimmering altar of Xom.
 13826 | D:9      | Found an opulent altar of Gozag.
 13850 | D:9      | Identified the +0 cloak of Honour {+Inv}
 13861 | D:9      | Got the Incunabulum of Fire
 13971 | D:9      | Reached ** piety under Sif Muna
 14155 | D:9      | Found a burning altar of Makhleb.
 14593 | D:9      | Noticed a centaur warrior
 14615 | D:9      | Killed a centaur warrior
 14993 | D:9      | Engulfed by a cloud of freezing vapour

Illustrated notes

Levels and vault maps discovered:
D:1:      dpeg_arrival_shrine, layout_basic
D:2:      layout_basic, basic_altar, shapermc_ecumenical_altar_totnotflames,
          uniq_natasha, uniq_terence
D:3:      layout_rooms, kennysheep_ying_yang, uniq_pargi
D:4:      layout_loops_corners, kennysheep_little_box,
          nicolae_dithmenos_the_darkroom, nicolae_ru_path_of_blood,
          kennysheep_generic_room_7, uniq_grinder
D:5:      minmay_diamond_boxcup, layout_cave_pods, lemuel_round_altar
D:6:      layout_loops_ring, jmf_multi_god_temple2, minmay_temple_entry_statues,
          cheibrodos_sewer_entry_sluice, serial_shops, shop,
          lemuel_flame_loot_1, uniq_duvessa
D:7:      layout_cave_pools, nicolae_tso_carved_into_rock, serial_glass,
          glass_columns_a, glass_columns_c, minmay_strange_pillars,
          minmay_strange_pillars, minmay_strange_pillars, feat_on_display,
          uniq_prince_ribbit1
D:8:      layout_basic, dpeg_oklobed_lair
D:9:      minmay_the_grid_octo_2x2 [minmay_the_grid_octo_horde,
          minmay_the_grid_octo_odd_swirl, minmay_the_grid_octo_vomiting_pacman,
          minmay_the_grid_octo_prize_square_snowflake], layout_basic,
          demons_altar, kennysheep_okawaru_gauntlet
Temple:   compressed_dpeg_triangle_lava_temple

Skill      XL: |  1  2  3  4  5  6  7  8  9 10 11 |
---------------+----------------------------------+-----
Spellcasting   | 4 5 6 7 8 11 14 | 14.5
Conjurations   | 5 6 7 8 10 12 | 12.7
Summonings     | 2 4 6 |  6.0
Translocations | 2 4 6 |  6.0
Invocations    | 1 3 |  3.5
Necromancy     | 4 |  4.8
Ice Magic      | 4 |  4.4
Dodging        | |  2.4
Stealth        | |  2.4

Action                   |  1- 3 |  4- 6 |  7- 9 | 10-12 || total
-------------------------+-------+-------+-------+-------++-------
Melee: Unarmed           |       |     8 |       |       ||     8
 Cast: Magic Dart        |    51 |    54 |    89 |    61 ||   255
       Searing Ray       |     3 |    20 |    98 |    72 ||   193
       Call Imp          |       |     3 |       |     3 ||     6
       Iskenderun's Myst |       |     2 |    19 |    66 ||    87
       Freezing Cloud    |       |       |       |     2 ||     2
Evoke: Wand              |       |       |       |     2 ||     2
       Box of beasts     |       |       |       |     1 ||     1
       Piece from Xom's  |       |       |       |     1 ||     1
  Use: Scroll            |       |       |    12 |     8 ||    20
       Potion            |       |       |     8 |     7 ||    15
Armor: Robe              |     1 |     2 |     8 |    12 ||    23
Dodge: Dodged            |     4 |    13 |   109 |    85 ||   211

Table legend: (Time is in decaauts)
 A = Elapsed time spent in this place.
 B = Non-inter-level travel time spent in this place.
 C = Inter-level travel time spent in this place.
 D = Time resting spent in this place.
 E = Time spent auto-exploring this place.
 F = Levels seen in this place.
 G = Mean time per level.
                   A        B        C        D        E       F      G
               +--------+--------+--------+--------+--------+-----+--------+
         Total |  15019 |  14842 |    177 |   2642 |   9790 |  11 | 1365.4 |
       Dungeon |  14124 |  13947 |    177 |   2293 |   9414 |   9 | 1569.3 |
        Temple |    359 |    359 |      0 |      0 |    309 |   1 |  359.0 |
         Sewer |    534 |    534 |      0 |    349 |     66 |   1 |  534.0 |
               +--------+--------+--------+--------+--------+-----+--------+

Top non-repeatable levels by time:
     D:9: 2735 daAuts
     D:4: 2142 daAuts
     D:8: 1954 daAuts
     D:5: 1678 daAuts
     D:6: 1477 daAuts
     D:2: 1266 daAuts
     D:1: 1113 daAuts
     D:3: 968 daAuts
     D:7: 787 daAuts
   Sewer: 534 daAuts
  Temple: 359 daAuts
